 Dungeon Crawl Stone Soup version 0.29-a0-1027-gcd8c55af63 (webtiles) character file.

Game seed: 8928918423885412997

100 greenreed the Cudgeller (level 4, 0/41 HPs)
             Began as a Minotaur Monk on Aug 12, 2022.
             Killed from afar by Sigmund (9 damage)
             ... with a magic dart
             ... on level 3 of the Dungeon.
             The game lasted 00:04:43 (1872 turns).

greenreed the Cudgeller (Minotaur Monk)             Turns: 1872, Time: 00:04:45

Health: 0/41       AC:  2    Str: 18    XL:     4   Next: 46%
Magic:  3/3        EV: 13    Int:  7    God:
Gold:   99         SH:  0    Dex: 12    Spells: 3/3 levels left

rFire   . . .      SeeInvis .   a - +0 mace
rCold   . . .      Faith    .   (no shield)
rNeg    . . .      Spirit   .   b - +0 robe
rPois   .          Reflect  .   (helmet restricted)
rElec   .          Harm     .   (no cloak)
rCorr   .          Rampage  .   (no gloves)
Will    .....                   (no boots)
Stlth   ++........              (no amulet)
HPRegen 0.13/turn               (no ring)
MPRegen 0.08/turn               (no ring)

@: lethally poisoned (0 -> -8)
A: horns 2, retaliatory headbutt
a: no special abilities


You were on level 3 of the Dungeon.
You visited 1 branch of the dungeon, and saw 3 of its levels.

You collected 125 gold pieces.
You spent 26 gold pieces at shops.

Inventory:

Hand Weapons
 a - a +0 mace (weapon)
Armour
 b - a +0 robe (worn)
Jewellery
 l - an amulet of guardian spirit
Scrolls
 c - a scroll of noise {unknown}
 h - 2 scrolls of butterflies
 k - a scroll of summoning {unknown}
Potions
 d - 2 potions of magic {unknown}
 e - a potion of cancellation {unknown}
 f - 3 potions of flight {unknown}
 g - a potion of lignification {unknown}
 i - 3 potions of curing {unknown}
 j - 2 potions of resistance {unknown}


   Skills:
 + Level 4.3 Fighting
 + Level 4.8 Maces & Flails
 + Level 4.1 Dodging
 + Level 2.2 Stealth


You had 3 spell levels left.
You didn't know any spells.
Your spell library was empty.

Dungeon Overview and Level Annotations

Branches:
Dungeon (3/15)

Altars:
Hepliaklqana
Trog

Shops:
D:1 ?

Annotations:
D:3 Sigmund


Innate Abilities, Weirdness & Mutations

You have a pair of horns on your head.
You reflexively headbutt those who attack you in melee.


Message History

The adder poisons you! Sigmund misses you.
Throw: javelin (silver)
Press: ? - help, Q - select action Shift-Dir - straight line, f/p - Sigmund
Aim: Sigmund, wielding a +2 scythe of venom and wearing a +0 robe (heavily wounded, 55% to hit)
You throw a silver javelin.
The silver javelin closely misses the adder.
The silver javelin pierces through Sigmund.
Sigmund is severely wounded.
You feel sick. The adder bites you. The adder barely misses you.
You furiously retaliate!
You headbutt the adder.
Sigmund hits you from afar with a +2 scythe of venom.
Unknown command.
You barely miss the adder.
The adder is almost dead.
You feel sick. The adder bites you but does no damage.
Sigmund hits you from afar with a +2 scythe of venom.
You are more poisoned.
You miss the adder. Your headbutt misses the adder.
The adder is almost dead.
You feel very sick. The adder barely misses you. The adder closely misses you.
You furiously retaliate!
You headbutt the adder.
You kill the adder!
You feel sick. Sigmund completely misses you.
You sock Sigmund!
Sigmund is almost dead.
You feel sick.
Sigmund gestures wildly while chanting.
Sigmund flickers and vanishes!
Deactivating autopickup; reactivate with Ctrl-A.
You closely miss something.
You feel sick. Something hits you but does no damage.
You are more poisoned.
You barely miss something.
* * * LOW HITPOINT WARNING * * *
You feel very sick.
You hear some strange, mumbled words.
A magic dart appears from out of thin air!
The magic dart hits you!
You die...

##......## ###. ... ..#
. ...##.##..#
......#.#...# ...
#.....#.##
....##...##[.#
......._.....#
..##...##..# #{@...#..#
#. .......#.#....# ##.
(.....##.##...# ###..
.(..........#.###...####
...............##.#.....
......########.##.#.#...
.... .#######)..........
.... .............†.....
#####...<.........


There were no monsters in sight!

Vanquished Creatures
  5 adders
  4 orcs
  4 ball pythons
  5 endoplasms
  2 giant cockroaches (D:2)
  2 goblins (D:1)
  9 hobgoblins
  3 quokkas
  A bat (D:3)
  2 frilled lizards
  6 kobolds
  3 rats (D:1)
46 creatures vanquished.

Notes
Turn   | Place    | Note
-------+----------+-------------------------------------------
     0 | D:1      | greenreed the Minotaur Monk began the quest for the Orb.
     0 | D:1      | Reached XP level 1. HP: 19/19 MP: 0/0
   363 | D:1      | Reached XP level 2. HP: 27/27 MP: 1/1
   537 | D:1      | Found Ovawevept's Magic Scroll Shop.
   554 | D:1      | Bought a scroll of identify for 26 gold pieces
   810 | D:2      | Reached XP level 3. HP: 16/33 MP: 2/2
   944 | D:2      | Found a bloodstained altar of Trog.
  1298 | D:2      | Reached XP level 4. HP: 32/40 MP: 3/3
  1755 | D:3      | Found a hazy altar of Hepliaklqana.
  1859 | D:3      | Noticed Sigmund
  1872 | D:3      | Killed from afar by Sigmund

Illustrated notes

Levels and vault maps discovered:
D:1:      dpeg_arrival_court, layout_basic, serial_shops, shop
D:2:      layout_loops_cross, basic_altar
D:3:      layout_rooms, mainiacjoe_overflow_small_starburst, uniq_sigmund

Skill      XL: |  1  2  3 |
---------------+----------+-----
Maces & Flails | 4 |  4.8
Fighting       | 4 |  4.3
Stealth        | 2 |  2.2
Dodging        | 4 |  4.1

Action                   |  1- 3 |  4- 6 || total
-------------------------+-------+-------++-------
Melee: Mace              |    80 |    23 ||   103
       Headbutt          |    11 |     1 ||    12
Throw: Javelin           |       |     6 ||     6
  Use: Scroll            |     1 |       ||     1
       Potion            |     1 |       ||     1
 Stab: Sleeping          |     3 |     2 ||     5
Armor: Robe              |     9 |     4 ||    13
Dodge: Dodged            |    50 |    24 ||    74

Table legend: (Time is in decaauts)
 A = Elapsed time spent in this place.
 B = Non-inter-level travel time spent in this place.
 C = Inter-level travel time spent in this place.
 D = Time resting spent in this place.
 E = Time spent auto-exploring this place.
 F = Levels seen in this place.
 G = Mean time per level.
                   A        B        C        D        E       F      G
               +--------+--------+--------+--------+--------+-----+--------+
         Total |   1893 |   1882 |     11 |      0 |   1536 |   3 |  631.0 |
       Dungeon |   1893 |   1882 |     11 |      0 |   1536 |   3 |  631.0 |
               +--------+--------+--------+--------+--------+-----+--------+

Top non-repeatable levels by time:
     D:2: 902 daAuts
     D:1: 746 daAuts
     D:3: 244 daAuts
